 Dungeon Crawl Stone Soup version 0.28-a0-1374-ga75cb3825e (webtiles) character file.

Game seed: 11379493055210080989

2382 strifetoe the Cleaver (level 9, -7/81 HPs)
             Began as a Minotaur Brigand on Jan 1, 2022.
             Was a Follower of Elyvilon.
             Mangled by a boulder beetle (24 damage)
             ... on level 7 of the Dungeon.
             The game lasted 00:10:25 (7959 turns).

strifetoe the Cleaver (Minotaur Brigand)            Turns: 7959, Time: 00:10:25

Health: -7/81      AC: 15    Str: 21    XL:     9   Next: 22%
Magic:  11/11      EV:  6    Int:  8    God:    Elyvilon [*.....]
Gold:   469        SH:  6    Dex: 11    Spells: 8/8 levels left

rFire   . . .      SeeInvis .   t - +0 war axe
rCold   + . .      Faith    .   A - +0 kite shield
rNeg    . . .      Spirit   .   k - +0 chain mail
rPois   .          Reflect  .   (helmet restricted)
rElec   .          Harm     .   q - +1 cloak
rCorr   .          Rampage  .   (no gloves)
Will    .....                   (no boots)
Stlth   ..........              (no amulet)
HPRegen 0.23/turn               j - +4 ring of protection
MPRegen 0.12/turn               C - ring of protection from cold

@: no status effects
A: horns 2, retaliatory headbutt
a: Renounce Religion, Purification


You were on level 7 of the Dungeon.
You worshipped Elyvilon.
Elyvilon was aware of your devotion.
You visited 2 branches of the dungeon, and saw 8 of its levels.

You collected 469 gold pieces.

Inventory:

Hand Weapons
 b - a +0 morningstar
 m - a +1 flail
 p - a +2 dagger of venom
 t - a +0 war axe (weapon)
 v - a +0 hand axe
Missiles
 d - 18 poisoned darts (quivered)
 e - 2 curare-tipped darts
 i - a throwing net
Armour
 k - a +0 chain mail (worn)
 q - a +1 cloak (worn)
 A - a +0 kite shield (worn)
Jewellery
 j - a +4 ring of protection (left hand)
 o - a +6 ring of intelligence
 y - a ring of resist corrosion
 C - a ring of protection from cold (right hand)
 E - a ring of protection from cold
Wands
 u - a wand of flame (7)
Scrolls
 a - a scroll of fog {unknown}
 h - a scroll of immolation {unknown}
 n - a scroll of vulnerability
 r - 3 scrolls of identify
 s - a scroll of teleportation
Potions
 c - a potion of haste
 f - 2 potions of curing
 g - 2 potions of brilliance
 l - a potion of berserk rage
 w - a potion of degeneration
 x - a potion of cancellation
 z - a potion of might
 B - 2 potions of flight
 D - a potion of invisibility {unknown}


   Skills:
 - Level 8.0 Fighting
 - Level 2.1 Short Blades
 + Level 8.2(8.6) Axes
 - Level 4.0(6.5) Maces & Flails
 - Level 2.0 Throwing
 - Level 4.4 Armour
 - Level 4.3 Dodging
 - Level 3.2 Stealth
 + Level 4.3 Invocations


You had 8 spell levels left.
You didn't know any spells.
Your spell library contained the following spells:

 Spells                   Type           Power      Damage    Failure   Level
 Magic Dart               Conj           0%         1d3       100%        1
 Call Imp                 Summ           0%         N/A       100%        2
 Dazzling Flash           Conj/Hex       0%         N/A       100%        3
 Mephitic Cloud           Conj/Pois/Air  0%         N/A       100%        3
 Fulminant Prism          Conj/Hex       0%         3d6       100%        4
 Iskenderun's Mystic Bla  Conj/Tloc      0%         2d3       100%        4
 Agony                    Necr           0%         N/A       100%        5
 Lee's Rapid Deconstruct  Erth           0%         3d5*      100%        5
 Silence                  Hex/Air        0%         N/A       100%        5


Dungeon Overview and Level Annotations

Branches:
Dungeon (7/15)             Temple (1/1) D:5

Altars:
Ashenzari
Cheibriados
Dithmenos
Elyvilon
Fedhas
Gozag
Hepliaklqana
Kikubaaqudgha
Makhleb
Nemelex Xobeh
Okawaru
Qazlal
Ru
Sif Muna
Trog
Uskayaw
Vehumet
Wu Jian
Xom
Zin
The Shining One

Annotations:
D:3 1 runed translucent door, Adrian566's ghost, amateur DsFi


Innate Abilities, Weirdness & Mutations

You have a pair of horns on your head.
You reflexively headbutt those who attack you in melee.


Message History

The boulder beetle bites you but does no damage.
You hit the boulder beetle but do no damage.
You headbutt the boulder beetle, but do no damage.
The boulder beetle is lightly wounded.
You block the boulder beetle's attack. The boulder beetle bites you!
You hit the boulder beetle but do no damage.
The boulder beetle is lightly wounded.
The boulder beetle bites you!
You hit the boulder beetle but do no damage.
The boulder beetle is lightly wounded.
The boulder beetle leaps!
The boulder beetle curls into a ball and begins rolling!
A boulder beetle is nearby!
You hit the boulder beetle but do no damage.
The boulder beetle hits you but does no damage.
The boulder beetle stops rolling and uncurls.
The boulder beetle bites you!
You barely miss the boulder beetle. You block the boulder beetle's attack.
You hit the boulder beetle but do no damage.
You headbutt the boulder beetle, but do no damage.
The boulder beetle bites you! x2
* * * LOW HITPOINT WARNING * * *
You barely miss the boulder beetle. You block the boulder beetle's attack.
You hit the boulder beetle but do no damage.
The boulder beetle barely misses you. You furiously retaliate!
You headbutt the boulder beetle.
You hit the boulder beetle but do no damage.
The boulder beetle is lightly wounded.
The boulder beetle bites you but does no damage.
The boulder beetle bites you.
* * * LOW HITPOINT WARNING * * *
Unknown command.
You hit the boulder beetle but do no damage.
The boulder beetle is lightly wounded.
The boulder beetle barely misses you. You furiously retaliate!
You headbutt the boulder beetle.
You hit the boulder beetle but do no damage.
The boulder beetle is lightly wounded.
The boulder beetle bites you!!
You die...

.>###...........# #.##.#
................# #.##.#
#.###...........# #.##.#
#...............# #.##.#
#.###...........#####.##.#
#.....................##.#
#..##.#.........########.#
#.....#.#................#
#.....#.#.##.###@#########
#...#.#.#.#....B.........#
#...#.#.#.#..###.#######.#
#.#..y..#.#.○# #.#.....#.#
#.#.#y###.#.B# #.#.###.#.#
..#.#y# #.#.°# #.#<.(#.#.#
..#.#.###.#.°# #.#.#.#[#.#
#)#.#<..#.#..# #.#...#.#.#
......#.# #..# #.#####.#.#


You could see a boulder beetle.

Vanquished Creatures
  Sigmund (D:4)
  Duvessa (D:4)
  A black bear (D:5)
  An orc warrior (D:7)
  An ice beast (D:7)
  A necrophage (D:6)
  A centaur (D:7)
  A phantom (D:4)
  2 scorpions (D:5)
  A water moccasin zombie (D:6)
  Dowan (D:4)
  6 killer bees
  A howler monkey (D:7)
  3 wights (D:6)
  2 bullfrog zombies
  2 centaur zombies
  3 jellies
  A bullfrog skeleton (D:5)
  Crazy Yiuf (D:2)
  A hound (D:5)
  A centaur skeleton (D:7)
  2 gnoll shamans
  Ijyb (D:3)
  2 iguanas
  Natasha (thrice) (D:3)
  An orc wizard (D:3)
  A hound skeleton (D:5)
  Robin (D:2)
  11 adders
  9 gnolls
  A howler monkey skeleton (D:5)
  2 white imps (D:6)
  2 ufetubi
  5 dart slugs
  18 orcs
  15 bats
  8 endoplasms
  2 giant cockroaches
  12 goblins
  11 hobgoblins
  6 jackals
  8 kobolds
  A quokka (D:1)
  4 ball pythons
  3 frilled lizards
  3 rats
165 creatures vanquished.

Vanquished Creatures (others)
  2 kobolds (D:3)
  2 withered plants (D:3)
4 creatures vanquished.

Grand Total: 169 creatures vanquished

Notes
Turn   | Place    | Note
-------+----------+-------------------------------------------
     0 | D:1      | strifetoe the Minotaur Brigand began the quest for the Orb.
     0 | D:1      | Reached XP level 1. HP: 18/18 MP: 0/0
   233 | D:1      | Reached XP level 2. HP: 26/26 MP: 1/1
   644 | D:1      | Reached XP level 3. HP: 33/33 MP: 2/2
   790 | D:1      | Reached skill level 1 in Maces & Flails
  1385 | D:2      | Found a runed translucent door.
  1386 | D:2      | Noticed Crazy Yiuf
  1408 | D:2      | Found a faded altar of an unknown god.
  1783 | D:2      | Reached XP level 4. HP: 40/41 MP: 3/3
  1918 | D:2      | Noticed Robin
  1936 | D:2      | Killed Robin
  2203 | D:2      | Killed Crazy Yiuf
  2204 | D:2      | Reached skill level 5 in Fighting
  2345 | D:3      | Reached XP level 5. HP: 33/48 MP: 4/4
  2526 | D:3      | Found a runed translucent door.
  2531 | D:3      | Noticed Adrian566's ghost (amateur DsFi)
  2531 | D:3      | Noticed Ijyb
  2589 | D:3      | Killed Ijyb
  2986 | D:3      | Found a burning altar of Makhleb.
  2986 | D:3      | Noticed an Executioner
  3137 | D:4      | Reached skill level 1 in Axes
  3206 | D:4      | Noticed Dowan
  3206 | D:4      | Noticed Sigmund
  3209 | D:4      | Noticed Duvessa
  3284 | D:3      | Reached XP level 6. HP: 56/57 MP: 5/5
  3468 | D:3      | Noticed a hellwing
  3468 | D:3      | Noticed a ynoxinul
  3621 | D:4      | Noticed Natasha
  3622 | D:4      | Killed Sigmund
  3655 | D:3      | Killed Natasha
  3694 | D:3      | Noticed Natasha
  3699 | D:3      | Killed Natasha
  3700 | D:3      | Reached XP level 7. HP: 66/66 MP: 6/6
  3749 | D:3      | Found a burning altar of Makhleb.
  3763 | D:3      | Noticed Natasha
  3771 | D:3      | Killed Natasha
  3785 | D:4      | Killed Dowan
  3787 | D:4      | Killed Duvessa
  3998 | D:4      | Reached skill level 5 in Axes
  4478 | D:5      | Entered Level 5 of the Dungeon
  4482 | D:5      | Reached skill level 1 in Armour
  4574 | D:5      | Found a bloodstained altar of Trog.
  4591 | D:5      | Reached XP level 8. HP: 57/74 MP: 7/7
  5073 | D:5      | Found a staircase to the Ecumenical Temple.
  5082 | Temple   | Entered the Ecumenical Temple
  5234 | Temple   | Became a worshipper of Elyvilon the Healer
  5451 | D:5      | Reached skill level 1 in Invocations
  5579 | D:5      | Found a glowing silver altar of Zin.
  5586 | D:5      | Found a hazy altar of Hepliaklqana.
  5586 | D:5      | Found a stormy altar of Qazlal.
  5879 | D:6      | Reached * piety under Elyvilon
  7008 | D:7      | HP: 3/74 [killer bee (4)]
  7010 | D:7      | HP: 1/74 [killer bee (5)]
  7019 | D:7      | HP: 4/111 [killer bee (5)]
  7019 | D:7      | Elyvilon protects you from harm!
  7021 | D:7      | HP: 1/111 [poisoned by a killer bee]
  7021 | D:7      | Elyvilon protects you from harm!
  7023 | D:7      | Reached XP level 9. HP: 1/81 MP: 10/10
  7936 | D:7      | Noticed a boulder beetle
  7959 | D:7      | Mangled by a boulder beetle

Illustrated notes

Levels and vault maps discovered:
D:1:      dpeg_arrival_arbitrary_b, layout_basic
D:2:      layout_loops_ring, ebering_ecumenical_altar_petrified,
          minmay_tetromino_l2, uniq_crazy_yiuf_cottage, uniq_robin
D:3:      layout_basic, makhleb_altar_promises_db, gammafunk_ghost_grave,
          uniq_ijyb
D:4:      layout_rooms, serial_glass, glass_columns_a, glass_columns_a,
          glass_columns_c, glass_columns_b, glass_columns_a, glass_columns_a,
          uniq_natasha, uniq_duvessa, uniq_sigmund
D:5:      layout_gridville, nicolae_overflow_crystal_walls,
          grunt_temple_overflow_open, minmay_temple_entry_antechambers,
          minmay_pentangle
D:6:      layout_rooms, nicolae_figureground_pulse
D:7:      layout_basic
Temple:   nicolae_temple_elliptical

Skill      XL: |  1  2  3  4  5  6  7  8  9 |
---------------+----------------------------+-----
Fighting       | 3 4 5 6 7 8 |  8.0
Maces & Flails | 2 3 4 |  4.0
Axes           | 1 3 5 7 8 |  8.2
Armour         | 2 4 |  4.4
Dodging        | 2 4 |  4.3
Invocations    | 3 4 |  4.3
Short Blades   | |  2.1
Throwing       | |  2.0
Stealth        | |  3.2

Action                   |  1- 3 |  4- 6 |  7- 9 || total
-------------------------+-------+-------+-------++-------
Melee: Dagger            |   108 |   127 |    30 ||   265
       Headbutt          |    12 |    16 |    55 ||    83
       Flail             |       |       |   139 ||   139
       Morningstar       |       |       |    32 ||    32
       War axe           |       |       |    62 ||    62
Evoke: Wand              |       |     8 |    15 ||    23
  Use: Scroll            |       |       |    13 ||    13
       Potion            |       |       |     5 ||     5
 Stab: Sleeping          |     3 |       |       ||     3
       Distracted        |       |     1 |       ||     1
Armor: Robe              |     5 |       |       ||     5
       Chain mail        |    54 |    84 |   228 ||   366
       Skin              |       |       |    10 ||    10
Dodge: Dodged            |    39 |    62 |    99 ||   200
Block: Kite shield       |       |       |    71 ||    71

Table legend: (Time is in decaauts)
 A = Elapsed time spent in this place.
 B = Non-inter-level travel time spent in this place.
 C = Inter-level travel time spent in this place.
 D = Time resting spent in this place.
 E = Time spent auto-exploring this place.
 F = Levels seen in this place.
 G = Mean time per level.
                   A        B        C        D        E       F      G
               +--------+--------+--------+--------+--------+-----+--------+
         Total |   7987 |   7775 |    212 |   1076 |   5312 |   8 |  998.4 |
       Dungeon |   7789 |   7618 |    171 |   1076 |   5177 |   7 | 1112.7 |
        Temple |    197 |    156 |     41 |      0 |    135 |   1 |  197.0 |
               +--------+--------+--------+--------+--------+-----+--------+

Top non-repeatable levels by time:
     D:3: 1264 daAuts
     D:7: 1259 daAuts
     D:2: 1172 daAuts
     D:1: 1083 daAuts
     D:6: 1054 daAuts
     D:5: 1020 daAuts
     D:4: 935 daAuts
  Temple: 197 daAuts
